 Dungeon Crawl Stone Soup version 0.27.1-2-g3b301248ec (console) character file.

Game seed: 727017424387264512

10915 om the Cleaver (level 11, -16/129 HPs)
             Began as a Palentonga Berserker on Sept 17, 2021.
             Was a High Priest of Trog.
             Demolished by an orc knight (41 damage)
             ... on level 2 of the Orcish Mines on Sept 23, 2021.
             The game lasted 00:38:02 (12365 turns).

om the Cleaver (Palentonga Berserker)              Turns: 12365, Time: 00:38:04

Health: -16/129    AC: 20    Str: 22    XL:     11   Next: 42%
Magic:  11/11      EV:  9    Int:  9    God:    Trog [*****.]
Gold:   802        SH:  4    Dex: 10    Spells: 10/10 levels left

rFire    + . .     SeeInvis +   D - +1 war axe (flame)
rCold    . . .     Faith    .   x - +0 buckler
rNeg     . . .     Spirit   .   o - +0 steam dragon scales
rPois    .         Reflect  .   (no helmet)
rElec    .         Harm     .   l - +1 cloak
rCorr    .         Rampage  .   B - +1 pair of gloves {archery}
Will     ++...                  q - +0 barding {rF+}
Stlth    ..........             y - amulet of regeneration
HPRegen  2.31/turn              (no ring)
MPRegen  0.12/turn              (no ring)

@: berserking, strong-willed, corroded, regenerating, curled up, very quick
A: large, rugged brown scales 3, see invisible, deformed body, roll 1, armoured
tail, reflexive curl
a: Rolling Charge, Renounce Religion, Berserk, Trog's Hand, Brothers in Arms


You were on level 2 of the Orcish Mines.
You worshipped Trog.
Trog was extremely pleased with you.
You visited 2 branches of the dungeon, and saw 11 of its levels.

You collected 1059 gold pieces.
You spent 257 gold pieces at shops.

Inventory:

Hand Weapons
 a - a +0 hand axe
 d - a +1 dagger of electrocution
 A - a +2 vorpal battleaxe
 C - a +0 war axe
 D - a +1 war axe of flaming (weapon)
Missiles
 e - 2 throwing nets
 p - 25 boomerangs
Armour
 l - a +1 cloak (worn)
 o - +0 steam dragon scales (worn)
 q - a +0 barding of fire resistance (worn)
 w - a +2 pair of gloves
 x - a +0 buckler (worn)
 B - a +1 pair of gloves of archery (worn)
Jewellery
 y - an amulet of regeneration (around neck)
Wands
 g - a wand of iceblast (5)
 k - a wand of flame (7)
 v - a wand of paralysis (10)
Scrolls
 h - 4 scrolls of enchant armour
 i - 4 scrolls of fear
 r - 6 scrolls of identify
 s - a scroll of torment {unknown}
 t - a scroll of magic mapping {unknown}
Potions
 b - a potion of heal wounds
 f - 3 potions of curing
 j - a potion of invisibility {unknown}
 m - a potion of resistance
 n - a potion of cancellation {unknown}
 z - a potion of flight


   Skills:
 - Level 6.0 Fighting
 * Level 10.8(10.9) Axes
 - Level 1.1(7.0) Maces & Flails
 + Level 8.8 Armour
 - Level 6.0 Dodging
 - Level 2.4 Shields
 - Level 5.0 Evocations


You had 10 spell levels left.
You didn't know any spells.
Your spell library was empty.

Dungeon Overview and Level Annotations

Branches:
Dungeon (9/15)             Temple (0/1) D:4             Orc (2/2) D:9
    Elf (0/3) Orc:2
   Lair: D:8-11

Altars:
Ashenzari
Gozag
Qazlal
Uskayaw

Shops:
D:9 [?=   Orc:1 ?   Orc:2 **

Annotations:
Orc:2 2 runed translucent doors, AttackTheMoon's ghost, journeyman HOMo


Innate Abilities, Weirdness & Mutations

You are completely covered in rugged brown scales. (AC +3, +7% HP)
You have supernaturally acute eyesight. (SInv)
Armour fits poorly on your strangely shaped body.
You can roll at nearby foes to attack.
You have a long armoured tail.
You curl defensively after being hit.


Message History

You barely miss the chaos spawn.
The orc warrior hits you with a +0 war axe.
The orc high priest prays to Beogh.
The orc priest begins to cast a cantrip, but forgets the words!
You barely miss the orc high priest. You tail-slap the orc high priest!
The orc high priest is heavily wounded.
You barely miss the orc knight. You slash the orc high priest!
You burn the orc high priest. You closely miss the orc warrior.
You barely miss the chaos spawn.
The orc knight hits you with a +2 halberd!!
The orc knight hits you from afar with a +0 halberd.
The chaos spawn misses you.
The orc warrior hits you with a +0 war axe!
The orc high priest hits you with a +0 scimitar!
You barely miss the orc high priest.
Your tail-slap misses the orc high priest.
The orc high priest is heavily wounded.
You hit the orc knight but do no damage.
You slash the orc high priest! You burn the orc high priest.
You hit the orc warrior. You burn the orc warrior. You miss the chaos spawn.
The orc high priest hits you with a +0 mace!
The orc knight hits you with a +2 halberd!
* * * LOW HITPOINT WARNING * * *
The chaos spawn hits you but does no damage.
The orc knight hits you from afar with a +0 halberd.
* * * LOW HITPOINT WARNING * * *
You slash the orc high priest! You burn the orc high priest.
The orc high priest is almost dead.
You hit the orc knight. You burn the orc knight.
You barely miss the orc high priest. You closely miss the orc warrior.
You hit the chaos spawn. You burn the chaos spawn.
You block the orc warrior's attack.
The orc high priest hits you but does no damage.
You hit the orc high priest. You burn the orc high priest.
The orc high priest is almost dead.
You hit the orc knight but do no damage.
You hit the orc high priest. You burn the orc high priest.
You hit the orc warrior but do no damage.
You miss the chaos spawn.
The orc high priest hits you with a +0 mace.
* * * LOW HITPOINT WARNING * * *
The orc knight hits you with a +2 halberd!!!
You die...

.# #3.o# ##........## ### .# oo.#
##...#....## ## #.# ##....#...##
# .o ##.....#.∩## # # ##..#.....#
# ## .. ##.....#.∩## # .## #o#
##....#...## ..# ...#
##.))#....## ### ..####.oo#
##43o.....######.## ....###..o#
##ooo###).###.......
.....###4..###oo@###))###........
......###...#3o4###))###.........
.......###.#.#o###))###..........
........###..o###..###...........
.........###.###..###............
..........#####).###............#
...........###..###..............
.........)))#)..###......#....#..
.........)..))....)..............
.............)...................
..........)......................


You could see 3 orc knights, 3 orc high priests, a rust devil (summoned), a
sixfirhy (summoned), a neqoxec (summoned), a chaos spawn, an orc warrior
(strong) and 2 orc priests.

Vanquished Creatures
  3 two-headed ogres
  Pikel (D:5)
  A cyclops (D:9)
  Maurice (D:9)
  An orange demon (Orc:2)
  Sigmund (D:5)
  A wyvern (D:9)
  9 yaks
  A steam dragon (D:8)
  An acid dragon (D:9)
  3 water moccasins
  25 orc warriors
  2 black bears
  2 ice beasts
  A sky beast (D:5)
  2 necrophages
  6 ogres
  A lemure (D:5)
  A kobold brigand (D:9)
  2 bullfrogs (D:7)
  A gnoll sergeant (D:8)
  A scorpion (D:5)
  A water moccasin zombie (D:5)
  3 wights (D:8)
  2 howler monkeys (D:8)
  An electric eel (D:9)
  A gnoll shaman (D:6)
  2 jellies
  Crazy Yiuf (D:2)
  19 orc priests
  An iguana (D:2)
  Natasha (thrice) (D:2)
  11 orc wizards
  A howler monkey zombie (D:9)
  10 gnolls
  8 adders
  2 shadow imps
  3 white imps
  2 worms
  3 dart slugs
  59 orcs
  7 endoplasms
  2 giant cockroaches (D:1)
  9 goblins
  6 hobgoblins
  9 jackals
  2 quokkas
  5 ball pythons
  2 bats (D:2)
  3 frilled lizards
  11 kobolds
  2 rats
258 creatures vanquished.

Vanquished Creatures (others)
  An orc wizard (D:5)
  4 fungi (D:2)
  2 plants (D:4)
7 creatures vanquished.

Grand Total: 265 creatures vanquished

Notes
Turn   | Place    | Note
-------+----------+-------------------------------------------
     0 | D:1      | om the Palentonga Berserker began the quest for the Orb.
     0 | D:1      | Reached XP level 1. HP: 19/19 MP: 1/1
   305 | D:1      | Reached XP level 2. HP: 22/25 MP: 2/2
   389 | D:1      | Found a faded altar of an unknown god.
   979 | D:2      | Reached XP level 3. HP: 31/31 MP: 3/3
  1162 | D:2      | Reached ** piety under Trog
  1225 | D:2      | Reached XP level 4. HP: 7/37 MP: 4/4
  1705 | D:2      | Noticed Natasha
  1712 | D:2      | Killed Natasha
  2321 | D:2      | Noticed Natasha
  2334 | D:2      | Killed Natasha
  2335 | D:2      | Reached XP level 5. HP: 19/43 MP: 5/5
  2508 | D:2      | Noticed Natasha
  2514 | D:2      | Killed Natasha
  2515 | D:2      | Reached skill level 4 in Axes
  2690 | D:2      | Found a runed translucent door.
  2691 | D:2      | Noticed Crazy Yiuf
  2746 | D:2      | Killed Crazy Yiuf
  3479 | D:3      | Reached *** piety under Trog
  3766 | D:4      | Reached XP level 6. HP: 47/51 MP: 6/6
  3766 | D:4      | Noticed a water moccasin
  3786 | D:4      | Killed a water moccasin
  3787 | D:4      | Reached skill level 5 in Axes
  4021 | D:4      | Found a staircase to the Ecumenical Temple.
  4332 | D:4      | You fall into a shaft and drop 1 floor!
  4332 | D:5      | Entered Level 5 of the Dungeon
  4334 | D:5      | Noticed Sigmund
  4339 | D:5      | Noticed a water moccasin
  4344 | D:5      | Killed Sigmund
  4345 | D:5      | Reached skill level 6 in Axes
  4345 | D:5      | Gained mutation: You curl defensively after being hit.
                  | [Palentonga growth]
  4345 | D:5      | Reached XP level 7. HP: 41/57 MP: 7/7
  4348 | D:5      | Reached skill level 7 in Axes
  4350 | D:5      | Noticed Pikel
  4386 | D:5      | Killed Pikel
  4387 | D:5      | Reached skill level 5 in Fighting
  4387 | D:5      | Reached skill level 5 in Armour
  4387 | D:5      | Reached XP level 8. HP: 27/66 MP: 8/8
  5028 | D:5      | Found an opulent altar of Gozag.
  5725 | D:6      | Reached skill level 1 in Evocations
  6101 | D:6      | Reached XP level 9. HP: 72/72 MP: 9/9
  6108 | D:6      | Found a broken altar of Ashenzari.
  6651 | D:7      | Identified a scroll of acquirement
  6651 | D:7      | Acquired a +0 barding of fire resistance
  6968 | D:7      | Found a hide-covered altar of Uskayaw.
  7081 | D:7      | Found a stormy altar of Qazlal.
  7544 | D:8      | Noticed a two-headed ogre
  7554 | D:8      | Killed a two-headed ogre
  7555 | D:8      | Reached skill level 8 in Axes
  7555 | D:8      | Reached skill level 1 in Shields
  7755 | D:8      | Noticed a two-headed ogre
  7785 | D:8      | Killed a two-headed ogre
  7786 | D:8      | Reached skill level 9 in Axes
  8292 | D:8      | Reached XP level 10. HP: 79/79 MP: 10/10
  8536 | D:8      | Reached **** piety under Trog
  9407 | D:9      | Noticed Maurice
  9408 | D:9      | Paralysed by Maurice for 4 turns
  9413 | D:9      | Paralysed by Maurice for 2 turns
  9417 | D:9      | Paralysed by Maurice for 3 turns
  9767 | D:9      | Killed Maurice
  9768 | D:9      | Reached skill level 10 in Axes
  9808 | D:9      | Found Xuopsuirie's Magic Scroll Shop.
  9840 | D:9      | Reached skill level 5 in Dodging
 10246 | D:9      | Found Loewu's Antique Armour Shop.
 10250 | D:9      | Noticed a two-headed ogre
 10260 | D:9      | Killed a two-headed ogre
 10266 | D:9      | Bought a pair of embroidered gloves for 187 gold pieces
 10318 | D:9      | Found Zete Jaych's Jewellery Shop.
 10351 | D:9      | Noticed a cyclops
 10552 | D:9      | Killed a cyclops
 10553 | D:9      | Reached skill level 1 in Maces & Flails
 10643 | D:9      | Reached XP level 11. HP: 85/85 MP: 11/11
 10759 | D:9      | Found a staircase to the Orcish Mines.
 10768 | Orc:1    | Entered Level 1 of the Orcish Mines
 10892 | Orc:1    | Reached ***** piety under Trog
 10933 | Orc:1    | Upgraded the game from 0.27.1-1-g398f81649c to
                  | 0.27.1-2-g3b301248ec
 10963 | Orc:1    | Found Badghuali's Magic Scroll Emporium.
 11103 | Orc:2    | Entered Level 2 of the Orcish Mines
 11242 | Orc:2    | Found a staircase to the Elven Halls.
 11265 | Orc:2    | Found a large runed translucent door.
 11265 | Orc:2    | Found a large runed translucent door.
 11269 | Orc:2    | Noticed AttackTheMoon's ghost (journeyman HOMo)
 11356 | Orc:2    | Found Geminih's General Store.
 11356 | Orc:2    | Noticed an orc knight
 11496 | Orc:2    | Noticed a sixfirhy
 11497 | Orc:2    | Found Madwa's General Store.
 12210 | Orc:2    | Reached skill level 5 in Evocations
 12308 | Orc:2    | Bought a potion of heal wounds for 70 gold pieces
 12331 | Orc:2    | Noticed an orc high priest
 12331 | Orc:2    | Noticed an orc high priest
 12331 | Orc:2    | Noticed an orc knight
 12347 | Orc:2    | Noticed an orc knight
 12347 | Orc:2    | Noticed an orc high priest
 12350 | Orc:2    | Noticed an orc knight
 12362 | Orc:2    | Noticed a sixfirhy
 12365 | Orc:2    | Demolished by an orc knight

Illustrated notes

Levels and vault maps discovered:
D:1:      beargit_arrival_greenhouse, layout_basic,
          hellmonk_ecumenical_altar_dog_temple
D:2:      layout_loops_ring, uniq_crazy_yiuf_cottage, uniq_natasha
D:3:      layout_basic, kennysheep_decorative_pillar, st_stairs_12,
          minmay_misc_feat_roman
D:4:      layout_basic, minmay_temple_entry_offerings, chequers_big_river,
          chequers_serial_rivers_small_3
D:5:      layout_basic, nicolae_gozag_cash_rules_everything_around_me,
          chequers_serial_rivers_micro_a, uniq_pikel, uniq_sigmund
D:6:      layout_gridville, nicolae_ashenzari_skybound
D:7:      layout_cave_pools, nicolae_uskayaw_suspiria,
          mainiacjoe_overflow_alcove_1, chequers_serial_rivers_marsh
D:8:      layout_basic
D:9:      layout_rooms, erik_orc_2, serial_shops, nicolae_shop_crystal,
          nicolae_stop_n_shop_2, kennysheep_little_box, uniq_maurice
Orc:1:    layout_caves, serial_shops, shop
Orc:2:    pf_orc_diabolical, layout_caves, ebering_ghost_disaster_area

Skill      XL: |  1  2  3  4  5  6  7  8  9 10 11 |
---------------+----------------------------------+-----
Armour         | 2 3 5 6 8 |  8.8
Dodging        | 2 3 4 6 |  6.0
Axes           | 4 6 7 9 10 | 10.8
Fighting       | 4 5 6 |  6.0
Evocations     | 2 4 5 |  5.0
Shields        | 2 |  2.4
Maces & Flails | 1 |  1.1

Action                   |  1- 3 |  4- 6 |  7- 9 | 10-12 || total
-------------------------+-------+-------+-------+-------++-------
Melee: Hand axe          |    75 |   149 |   186 |   202 ||   612
       Dagger            |     3 |       |       |       ||     3
       Tailslap          |    10 |    23 |    25 |    63 ||   121
       War axe           |       |       |       |   216 ||   216
Throw: Throwing net      |       |       |       |     1 ||     1
Invok: Berserk           |     1 |     9 |    12 |    21 ||    43
       Trog's Hand       |       |       |     2 |     2 ||     4
       Brothers in Arms  |       |       |       |     1 ||     1
 Abil: Rolling Charge    |    20 |    27 |    21 |    31 ||    99
Evoke: Wand              |       |       |       |     7 ||     7
  Use: Potion            |     1 |       |     6 |     4 ||    11
       Scroll            |       |     6 |     8 |     2 ||    16
 Stab: Confused          |       |       |     1 |       ||     1
       Paralysed         |       |       |       |    16 ||    16
Armor: Animal skin       |    14 |       |       |       ||    14
       Chain mail        |    23 |    61 |   115 |       ||   199
       Skin              |     6 |    15 |       |       ||    21
       Steam dragon scal |       |       |     1 |   174 ||   175
Dodge: Dodged            |    32 |    24 |    53 |   128 ||   237
Block: Buckler           |       |       |     2 |    76 ||    78
